[Event "Titled Tuesday Blitz November 15 Early 2022"]
[White "Mendonca, Mateus Nakajo"]
[Black "Kirillov, Dmitry"]
[WhiteFideId "2110954"]
[BlackFideId "34180572"]
[WhiteElo "2310"]
[BlackElo "2095"]
[Result "1-0"]
[Round "05"]
[TimeControl "180+1"]
[Date "2022.11.16"]
[WhiteClock "0:01:07"]
[BlackClock "0:00:03"]

1. d4 d5 2. c4 e6 3. Nf3 c6 4. e3 f5 5. Qc2 Bd6 6. Bd3 Nh6 7. Bd2 O-O 8. Nc3 Nd7 9. h3 Nf6 10. O-O-O Ne4 11. Be1 Bd7 12. Ne5 Nf7 13. Nxf7 Rxf7 14. f3 Nxc3 15. Bxc3 Qg5 16. Qe2 Rc8 17. Kb1 Rcf8 18. f4 Qe7 19. g4 g6 20. h4 fxg4 21. h5 Rg7 22. hxg6 hxg6 23. Rh6 g5 24. Qxg4 e5 25. Qh5 e4 26. Rh8# 1-0


[Site "https://www.chess.com"]

[Event "Titled Tuesday Blitz November 15 Early 2022"]
[White "Minko, Dmitry"]
[Black "Aradhya, Garg"]
[WhiteFideId "24188468"]
[BlackFideId "25006746"]
[WhiteElo "2147"]
[BlackElo "2223"]
[Result "0-1"]
[Round "05"]
[TimeControl "180+1"]
[Date "2022.11.16"]
[WhiteClock "0:00:48"]
[BlackClock "0:02:09"]

1. e4 e5 2. Nf3 Nc6 3. d4 exd4 4. Nxd4 Bc5 5. Be3 Qf6 6. c3 Nge7 7. g3 h5 8. h4 d5 9. Bg2 dxe4 10. Nd2 Nxd4 11. Nxe4 Qg6 12. Bxd4 Bg4 13. Qa4+ Bd7 14. Qb3 Bxd4 15. cxd4 Bc6 16. Qd3 O-O-O 17. O-O Nf5 18. Ng5 Bxg2 19. Kxg2 Nxh4+ 0-1


[Site "https://www.chess.com"]

[Event "Titled Tuesday Blitz November 15 Early 2022"]
[White "Mladenovic, Stefan"]
[Black "Artemenko, Oleg"]
[WhiteFideId "942227"]
[BlackFideId "14201798"]
[WhiteElo "2658"]
[BlackElo "2841"]
[Result "1-0"]
[Round "05"]
[TimeControl "180+1"]
[Date "2022.11.16"]
[WhiteClock "0:00:31"]
[BlackClock "0:00:06"]

1. d4 e6 2. Nf3 Nf6 3. e3 b6 4. Bd3 Bb7 5. O-O Be7 6. c4 O-O 7. Nc3 d5 8. cxd5 Nxd5 9. e4 Nxc3 10. bxc3 c5 11. Qe2 Nd7 12. Rd1 Nf6 13. a4 cxd4 14. cxd4 Rc8 15. Bb2 Bb4 16. d5 exd5 17. e5 Re8 18. Ng5 h6 19. Qf3 hxg5 20. exf6 Qd7 21. Bf5 Qd6 22. Bxc8 Rxc8 23. fxg7 Qh6 24. Rac1 Bd6 25. Rxc8+ Bxc8 26. h3 Be6 27. Rxd5 Be7 28. Rd7 Kh7 29. Rxe7 g4 30. Qe4+ f5 31. Qxe6 Qxe6 32. Rxe6 gxh3 33. Re8 f4 34. g8=Q+ Kh6 35. Re6+ Kh5 36. Qg6+ Kh4 37. g3+ fxg3 38. fxg3# 1-0


[Site "https://www.chess.com"]

[Event "Titled Tuesday Blitz November 15 Early 2022"]
[White "Mohamed Anees M"]
[Black "Wagner, Dennis"]
[WhiteFideId "35065815"]
[BlackFideId "24650684"]
[WhiteElo "2135"]
[BlackElo "2470"]
[Result "1-0"]
[Round "05"]
[TimeControl "180+1"]
[Date "2022.11.16"]
[WhiteClock "0:00:54"]
[BlackClock "0:00:01"]

1. d4 Nf6 2. c4 e6 3. Nf3 c5 4. d5 b5 5. dxe6 fxe6 6. cxb5 a6 7. bxa6 Bxa6 8. Nc3 d5 9. Bg5 Be7 10. g3 Nc6 11. Bh3 Qd6 12. Rc1 h6 13. Bxf6 Bxf6 14. Ne4 Qe7 15. Nxc5 Bxb2 16. Rc2 Ba3 17. Nxe6 Bb4+ 18. Kf1 Bc4 19. Nfd4 Nxd4 20. Qxd4 Ra6 21. Nxg7+ Kf7 22. Nf5 Qf6 23. Rxc4 dxc4 24. Qxc4+ Re6 25. Nd4 Be7 26. Qxe6+ Qxe6 27. Bxe6+ Kf6 28. e3 Rb8 29. Kg2 Rb2 30. Bb3 Bc5 31. Rc1 Bb4 32. Rc2 Rb1 33. Rc6+ Kg5 34. h4+ Kh5 35. Bf7+ Kg4 36. f3# 1-0


[Site "https://www.chess.com"]

[Event "Titled Tuesday Blitz November 15 Early 2022"]
[White "Moksh Amit Doshi"]
[Black "Zeydan, Salih"]
[WhiteFideId "25064967"]
[BlackFideId "6361722"]
[WhiteElo "2330"]
[BlackElo "1988"]
[Result "0-1"]
[Round "05"]
[TimeControl "180+1"]
[Date "2022.11.16"]
[WhiteClock "0:01:35"]
[BlackClock "0:01:48"]

1. d4 Nf6 2. c4 c5 3. d5 b5 4. cxb5 a6 5. bxa6 g6 6. Nc3 Bxa6 7. e4 Bxf1 8. Kxf1 d6 9. Nf3 Bg7 10. g3 O-O 11. Kg2 Nbd7 12. a4 Qa5 13. Bd2 Rfb8 14. Qc2 Qb4 15. Rhb1 Qb3 16. Qxb3 Rxb3 17. Bg5 h6 18. Bf4 g5 19. Be3 Ng4 20. Nd2 Nxe3+ 21. fxe3 Rxb2 22. Rxb2 Bxc3 23. Rb7 Bxa1 24. Rxd7 Kf8 25. Nc4 Rxa4 26. Nd2 Bc3 27. Nb1 Bb4 0-1


[Site "https://www.chess.com"]

[Event "Titled Tuesday Blitz November 15 Early 2022"]
[White "Nielsen, Viktor Haarmark"]
[Black "Muminova, Nafisa"]
[WhiteFideId "1444492"]
[BlackFideId "14201526"]
[WhiteElo "2345"]
[BlackElo "2258"]
[Result "1-0"]
[Round "05"]
[TimeControl "180+1"]
[Date "2022.11.16"]
[WhiteClock "0:01:17"]
[BlackClock "0:00:20"]

1. e4 e6 2. d4 d5 3. Nd2 Nf6 4. Bd3 c5 5. c3 a6 6. Ngf3 Nc6 7. O-O Be7 8. Re1 O-O 9. exd5 Nxd5 10. Ne4 cxd4 11. cxd4 b5 12. Qe2 Bb7 13. Bd2 Qb6 14. Rad1 Nxd4 15. Nxd4 Qxd4 16. Bg5 Qb6 17. Bxe7 Nxe7 18. Qh5 h6 19. Nf6+ gxf6 20. Qxh6 f5 21. Re3 Ng6 22. Rg3 Qd4 23. h4 Qh8 24. Qg5 1-0


[Site "https://www.chess.com"]

[Event "Titled Tuesday Blitz November 15 Early 2022"]
[White "Nissinen, Niilo Man"]
[Black "Rangel, Daniel"]
[WhiteFideId "30950767"]
[BlackFideId "2124475"]
[WhiteElo "1896"]
[BlackElo "2225"]
[Result "0-1"]
[Round "05"]
[TimeControl "180+1"]
[Date "2022.11.16"]
[WhiteClock "0:00:01"]
[BlackClock "0:00:05"]

1. e4 c5 2. Nf3 d6 3. d4 cxd4 4. Nxd4 Nf6 5. Nc3 g6 6. Be3 Bg7 7. Be2 O-O 8. O-O Nc6 9. h3 Bd7 10. Qd2 Nxd4 11. Bxd4 Bc6 12. Qe3 Qa5 13. f4 e5 14. fxe5 dxe5 15. Bc5 Rfe8 16. Rad1 b5 17. b4 Qa6 18. a4 Qb7 19. axb5 Bxe4 20. Rxf6 Bxf6 21. Nxe4 Be7 22. Nd6 Bxd6 23. Rxd6 Qc7 24. Rc6 Qd7 25. Bg4 Qb7 26. Qh6 Qxb5 27. Rc7 Qa4 28. Be7 Qa1+ 29. Kh2 e4 30. Qf4 Qd4 31. Bf6 Qxb4 32. Be2 Qb8 33. g3 Re6 34. Be5 Qe8 35. Rb7 Rxe5 0-1


[Site "https://www.chess.com"]

[Event "Titled Tuesday Blitz November 15 Early 2022"]
[White "Novikova, Galina"]
[Black "Flis, Pawel"]
[WhiteFideId "4157095"]
[BlackFideId "1112864"]
[WhiteElo "1973"]
[BlackElo "1817"]
[Result "1-0"]
[Round "05"]
[TimeControl "180+1"]
[Date "2022.11.16"]
[WhiteClock "0:01:13"]
[BlackClock "0:00:29"]

1. e4 c5 2. Nf3 d6 3. d4 Nf6 4. Nc3 cxd4 5. Nxd4 a6 6. h3 e6 7. g4 Nfd7 8. Bg2 b5 9. e5 d5 10. Bf4 Qc7 11. Qf3 b4 12. Nxd5 exd5 13. e6 Qb7 14. exd7+ Bxd7 15. O-O Be7 16. Rfe1 Kf8 17. Qxd5 Bc6 18. Nxc6 Qxc6 19. Qxc6 Nxc6 20. Bxc6 Rc8 21. Be4 f6 22. Rad1 Kf7 23. Bd5+ Kf8 24. Bb3 Rd8 25. Rxd8+ Bxd8 26. Bd6+ 1-0


[Site "https://www.chess.com"]

[Event "Titled Tuesday Blitz November 15 Early 2022"]
[White "Omariev, Maksim"]
[Black "Nugumanov, Bakhtiyar"]
[WhiteFideId "4193423"]
[BlackFideId "13701797"]
[WhiteElo "2522"]
[BlackElo "2287"]
[Result "1-0"]
[Round "05"]
[TimeControl "180+1"]
[Date "2022.11.16"]
[WhiteClock "0:00:05"]
[BlackClock "0:00:02"]

1. g4 d5 2. Bg2 g6 3. g5 Bg7 4. d4 c6 5. Nf3 Bf5 6. c3 Nd7 7. Bf4 f6 8. Nbd2 e5 9. gxf6 Ngxf6 10. Nxe5 O-O 11. Ndf3 Ne4 12. e3 h6 13. Qe2 Ndf6 14. h4 c5 15. Bh3 cxd4 16. exd4 Bxh3 17. Rxh3 Re8 18. O-O-O Rc8 19. Nd2 Nd6 20. Rg1 Nh5 21. Bh2 Qf6 22. Qd3 Nf4 23. Bxf4 Qxf4 24. Rf3 Qxh4 25. Qxg6 Rc7 26. Qxd6 Rce7 27. Qxd5+ Kh8 28. Kb1 Qh5 29. Rfg3 Kh7 30. Ndf3 Qf5+ 31. Ka1 b5 32. Qxb5 a6 33. Qxa6 Bxe5 34. Nxe5 Qxf2 35. Qg6+ Kh8 36. Qxh6+ Rh7 37. Qxh7+ Kxh7 38. Rh3+ Qh4 39. Rxh4# 1-0


[Site "https://www.chess.com"]

[Event "Titled Tuesday Blitz November 15 Early 2022"]
[White "Orlov, Georgi"]
[Black "Fernandez Guillen, Ernesto J."]
[WhiteFideId "2011271"]
[BlackFideId "3512428"]
[WhiteElo "2544"]
[BlackElo "2450"]
[Result "0-1"]
[Round "05"]
[TimeControl "180+1"]
[Date "2022.11.16"]
[WhiteClock "0:00:15"]
[BlackClock "0:00:19"]

1. d4 Nf6 2. Nf3 e6 3. c4 b6 4. g3 Bb7 5. Bg2 d5 6. cxd5 exd5 7. O-O Be7 8. Bf4 O-O 9. Nc3 Re8 10. Rc1 Na6 11. Ne5 Bf8 12. Qa4 c5 13. Rfd1 h6 14. Bh3 cxd4 15. Qxd4 g5 16. Nb5 Bc5 17. Qd2 gxf4 18. Qxf4 Qe7 19. Nd3 Kg7 20. b4 Nxb4 21. Nxc5 bxc5 22. Nc7 d4 23. Nxe8+ Rxe8 24. a3 Nbd5 25. Qf5 Nc3 26. Re1 Nxe2+ 27. Rxe2 Qxe2 28. Rxc5 Qe4 29. Rc1 Qxf5 30. Bxf5 Be4 31. Bxe4 Rxe4 32. Rd1 a5 33. f3 Re3 34. Rxd4 Rxa3 35. Kg2 Ra2+ 36. Kh3 a4 37. g4 a3 38. Kg3 Ra1 39. Ra4 a2 40. Kg2 Nd5 41. h4 Nc3 42. Ra3 Rc1 0-1


[Site "https://www.chess.com"]

[Event "Titled Tuesday Blitz November 15 Early 2022"]
[White "Osinovsky, Stepan"]
[Black "Xiong, Jeffery"]
[WhiteFideId "4157354"]
[BlackFideId "2047640"]
[WhiteElo "2222"]
[BlackElo "2725"]
[Result "0-1"]
[Round "05"]
[TimeControl "180+1"]
[Date "2022.11.16"]
[WhiteClock "0:00:03"]
[BlackClock "0:00:22"]

1. Nf3 c5 2. g3 Nc6 3. Bg2 g6 4. O-O Bg7 5. d3 e5 6. e4 Nge7 7. Re1 d6 8. Nc3 O-O 9. a4 h6 10. Nd5 Nxd5 11. exd5 Ne7 12. Nd2 b6 13. c3 Kh7 14. Nc4 Bb7 15. f4 Bxd5 16. Bxd5 Nxd5 17. Qf3 Ne7 18. fxe5 dxe5 19. Nxe5 Nf5 20. a5 b5 21. a6 Nd4 22. cxd4 Qxd4+ 23. Kg2 Bxe5 24. Re4 Qd6 25. Bf4 Bxf4 26. Rxf4 Kg8 27. Rf6 Qd4 28. Rf1 Qxb2+ 29. Rf2 Qb3 30. h4 Rad8 31. h5 Qxd3 32. Qxd3 Rxd3 33. hxg6 Rd7 34. g4 c4 0-1


[Site "https://www.chess.com"]

[Event "Titled Tuesday Blitz November 15 Early 2022"]
[White "Ovchinnikov, Vsevolod"]
[Black "Vasques, Antonio Pedro Freixial"]
[WhiteFideId "24176842"]
[BlackFideId "1908332"]
[WhiteElo "2376"]
[BlackElo "2243"]
[Result "0-1"]
[Round "05"]
[TimeControl "180+1"]
[Date "2022.11.16"]
[WhiteClock "0:00:02"]
[BlackClock "0:00:17"]

1. d4 Nf6 2. c4 e6 3. g3 Bb4+ 4. Bd2 c5 5. Bxb4 cxb4 6. Bg2 O-O 7. e4 d6 8. Ne2 e5 9. O-O a5 10. a3 Na6 11. axb4 Nxb4 12. Nbc3 Qe7 13. h3 Bd7 14. b3 b6 15. Kh2 h6 16. Qd2 Rfb8 17. f4 b5 18. Nd5 Nfxd5 19. cxd5 exf4 20. gxf4 Rc8 21. Rfc1 Qh4 22. Ng3 g5 23. f5 g4 24. Qf4 Rxc1 25. Qxc1 gxh3 26. Bxh3 Rc8 27. Qf1 Rc2+ 28. Ne2 Qxe4 0-1


[Site "https://www.chess.com"]

[Event "Titled Tuesday Blitz November 15 Early 2022"]
[White "Pajeken, Jakob Leon"]
[Black "Corrales Jimenez, Fidel"]
[WhiteFideId "12942839"]
[BlackFideId "3506690"]
[WhiteElo "2429"]
[BlackElo "2541"]
[Result "0-1"]
[Round "05"]
[TimeControl "180+1"]
[Date "2022.11.16"]
[WhiteClock "0:00:12"]
[BlackClock "0:00:07"]

1. d4 Nf6 2. Nf3 g6 3. g3 Bg7 4. Bg2 O-O 5. O-O d5 6. c4 Nc6 7. cxd5 Nxd5 8. e4 Nb6 9. d5 Nb8 10. Nc3 c6 11. Nd4 e6 12. a4 exd5 13. a5 dxe4 14. axb6 Qxd4 15. Be3 Qxd1 16. Rfxd1 Bg4 17. Rxa7 Nd7 18. Rda1 Rab8 19. Bf4 Be5 20. Bxe5 Nxe5 21. Nxe4 Nd7 22. h3 Be6 23. Nd6 Nxb6 24. Rxb7 Nc4 25. Rxb8 Rxb8 26. Nxc4 Bxc4 27. Rc1 Bb5 28. Rc3 Rb6 29. Bf1 Kf8 30. Bxb5 cxb5 31. f4 Ke7 32. Kf2 Kd6 33. Ke3 Ra6 34. Rc8 Ra1 35. Rb8 Kc6 36. Rf8 Re1+ 37. Kf3 Re7 38. f5 Kc5 39. f6 Rd7 40. Kf4 h6 41. h4 Kb4 42. Rb8 Rd6 43. Ke5 Re6+ 44. Kd5 Rxf6 45. Rb7 Rf5+ 46. Ke4 h5 47. Rb8 Kb3 0-1


[Site "https://www.chess.com"]

[Event "Titled Tuesday Blitz November 15 Early 2022"]
[White "Pakleza, Zbigniew"]
[Black "Mouhamad, Joachim"]
[WhiteFideId "1119290"]
[BlackFideId "656410"]
[WhiteElo "2411"]
[BlackElo "2164"]
[Result "1-0"]
[Round "05"]
[TimeControl "180+1"]
[Date "2022.11.16"]
[WhiteClock "0:01:16"]
[BlackClock "0:00:18"]

1. d4 d5 2. Bf4 c5 3. e3 Nf6 4. c3 e6 5. Nd2 Bd6 6. Bg3 O-O 7. Ngf3 Qc7 8. Be2 Nbd7 9. c4 cxd4 10. Nxd4 a6 11. Rc1 Qb8 12. O-O Bxg3 13. hxg3 dxc4 14. Nxc4 b5 15. Nc6 Qc7 16. Ne7+ Kh8 17. Nd6 Nc5 18. Nexc8 Rd8 19. Rxc5 Qd7 1-0


[Site "https://www.chess.com"]

[Event "Titled Tuesday Blitz November 15 Early 2022"]
[White "Papasimakopoulos, Alexandros"]
[Black "Petrosyan, Manuel"]
[WhiteFideId "4244125"]
[BlackFideId "13300857"]
[WhiteElo "2365"]
[BlackElo "2561"]
[Result "1-0"]
[Round "05"]
[TimeControl "180+1"]
[Date "2022.11.15"]
[WhiteClock "0:00:57"]
[BlackClock "0:00:04"]

1. d4 Nf6 2. c4 g6 3. Nc3 Bg7 4. Bg5 d6 5. e3 h6 6. Bh4 O-O 7. Be2 Nc6 8. Nf3 Bf5 9. Nd2 e5 10. d5 Ne7 11. e4 Bd7 12. O-O Nh7 13. f3 a5 14. Bf2 b6 15. a3 a4 16. b4 axb3 17. Nxb3 f5 18. a4 f4 19. a5 bxa5 20. Nxa5 g5 21. h3 Ng6 22. c5 Qf6 23. Nb5 Bxb5 24. Bxb5 h5 25. Bd7 Kh8 26. cxd6 cxd6 27. Nc6 Rxa1 28. Qxa1 g4 29. hxg4 Nh4 30. Qe1 Ng6 31. gxh5 Ne7 32. Bh4 Ng5 33. Bg4 Bh6 34. Qf2 Rg8 35. Ra1 Qf8 36. Ra7 1-0


[Site "https://www.chess.com"]

[Event "Titled Tuesday Blitz November 15 Early 2022"]
[White "Parligras, Mircea-Emilian"]
[Black "Sarana, Alexey"]
[WhiteFideId "1204297"]
[BlackFideId "24133795"]
[WhiteElo "2507"]
[BlackElo "2708"]
[Result "0-1"]
[Round "05"]
[TimeControl "180+1"]
[Date "2022.11.15"]
[WhiteClock "0:00:02"]
[BlackClock "0:00:14"]

1. d4 Nf6 2. c4 e6 3. Nc3 d5 4. cxd5 exd5 5. Bg5 c6 6. e3 Bf5 7. Qf3 Bg6 8. Bxf6 Qxf6 9. Qxf6 gxf6 10. Nf3 Nd7 11. Nh4 Be7 12. Be2 f5 13. g3 Bxh4 14. gxh4 Nf6 15. Bf3 Ke7 16. Ne2 Bh5 17. Bxh5 Nxh5 18. Rg1 Rhg8 19. Rg5 Ng7 20. Kd2 h6 21. Rg3 Nh5 22. Rxg8 Rxg8 23. Ng3 Nf6 24. Nxf5+ Ke6 25. Ng3 Ng4 26. Ke2 Nxh2 27. Rg1 Rg6 28. Rg2 Ng4 29. Nh5 Ke7 30. Nf4 Rg8 31. f3 Nf6 32. Rxg8 Nxg8 33. e4 Nf6 34. e5 Nd7 35. Nh5 Nf8 36. Nf4 Ne6 37. Ke3 Ng7 38. Ng2 Ke6 39. Nf4+ Ke7 40. Ng2 a5 41. Kf4 Ne6+ 42. Ke3 a4 43. Kd3 Ng7 44. Ne3 Ke6 45. Ng4 h5 46. Nf6 Kf5 47. Ke3 Kg6 48. b3 Nf5+ 49. Kd3 axb3 50. axb3 Nxh4 51. b4 Nxf3 52. Ke3 Ng5 53. Kf4 Ne6+ 54. Ke3 h4 55. b5 h3 56. bxc6 bxc6 57. Ng4 Kg5 58. Nh2 Kh4 59. Nf3+ Kg3 0-1


[Site "https://www.chess.com"]

[Event "Titled Tuesday Blitz November 15 Early 2022"]
[White "Petrovic, Aleksa"]
[Black "Goroshkov, Maksym"]
[WhiteFideId "967629"]
[BlackFideId "14142716"]
[WhiteElo "2224"]
[BlackElo "2257"]
[Result "1-0"]
[Round "05"]
[TimeControl "180+1"]
[Date "2022.11.16"]
[WhiteClock "0:00:47"]
[BlackClock "0:00:17"]

1. d4 Nf6 2. c4 e5 3. dxe5 Ng4 4. Bf4 Nc6 5. Nf3 Bb4+ 6. Nbd2 Qe7 7. a3 Ngxe5 8. Nxe5 Nxe5 9. Bxe5 Bxd2+ 10. Qxd2 Qxe5 11. g3 O-O 12. Bg2 d6 13. O-O Be6 14. Rac1 Rad8 15. Bxb7 Rb8 16. Bf3 Rxb2 17. Qc3 Qxc3 18. Rxc3 Rfb8 19. Kg2 R8b3 20. Rfc1 g5 21. g4 Kg7 22. c5 d5 23. e3 c6 24. Bd1 Rb8 25. Ba4 Rc8 26. h3 f5 27. Kg3 fxg4 28. hxg4 Rf8 29. f4 d4 30. Rd3 dxe3 31. f5 Bd5 32. Rxe3 Rg2+ 33. Kh3 Rf6 34. Re7+ Kg8 35. Re8+ Kf7 36. Re6 h5 37. Rxf6+ Kxf6 38. gxh5 Bf3 39. h6 g4+ 40. Kh4 Rh2+ 41. Kg3 Kg5 42. Kxh2 Kxh6 43. Kg3 Kg5 44. Bc2 Bd5 45. Bb1 Bf3 46. Re1 a5 47. Re7 a4 48. Ra7 Bd1 49. Ra6 Bf3 50. Rxa4 Kf6 51. Rxg4 Bxg4 52. Kxg4 Ke5 53. Kg5 Kd5 54. f6 Ke6 55. Kg6 Ke5 56. f7 Kd4 57. f8=Q Kc3 58. Qf3+ Kb2 59. Qd1 Kxa3 60. Qc2 Kb4 61. Kf6 Ka3 62. Qc3+ Ka4 63. Qb2 Ka5 64. Qb6+ Ka4 65. Bc2+ Ka3 66. Qb3# 1-0


[Site "https://www.chess.com"]

[Event "Titled Tuesday Blitz November 15 Early 2022"]
[White "Pg, Mohd Omar Ak Hira"]
[Black "Tomb, Maroun"]
[WhiteFideId "10500103"]
[BlackFideId "5300398"]
[WhiteElo "2184"]
[BlackElo "2541"]
[Result "0-1"]
[Round "05"]
[TimeControl "180+1"]
[Date "2022.11.16"]
[WhiteClock "0:00:03"]
[BlackClock "0:01:01"]

1. e4 c5 2. Nf3 Nc6 3. d4 cxd4 4. Nxd4 e5 5. Nb3 f5 6. exf5 Nf6 7. Bg5 d5 8. Bb5 Bxf5 9. O-O a6 10. Bxc6+ bxc6 11. Re1 Bd6 12. c4 d4 13. Nxd4 Bxb1 14. Nxc6 Qc7 15. Nxe5 Bxe5 16. Bxf6 gxf6 17. Rxb1 Qxc4 18. Rc1 Qxa2 19. Qh5+ Qf7 20. Qg4 Kf8 21. b4 Rg8 22. Qe4 Rd8 23. Rc6 Qd5 24. Qxd5 Rxd5 25. Rxa6 Kg7 26. g3 Rb8 27. Ra7+ Kg6 28. Re4 Rd4 29. Rxd4 Bxd4 30. Ra4 Bc3 0-1


[Site "https://www.chess.com"]

[Event "Titled Tuesday Blitz November 15 Early 2022"]
[White "Pichot, Alan"]
[Black "Buksa, Nataliya"]
[WhiteFideId "110973"]
[BlackFideId "14123622"]
[WhiteElo "2560"]
[BlackElo "2313"]
[Result "1-0"]
[Round "05"]
[TimeControl "180+1"]
[Date "2022.11.16"]
[WhiteClock "0:01:15"]
[BlackClock "0:00:02"]

1. Nf3 d5 2. b3 Nf6 3. Bb2 e6 4. e3 Be7 5. Be2 O-O 6. O-O b6 7. c4 Bb7 8. Nc3 Nbd7 9. Rc1 a6 10. d4 Bd6 11. Bd3 Qe7 12. Qe2 e5 13. dxe5 Nxe5 14. cxd5 Nfg4 15. Nxe5 Qxe5 16. g3 Qh5 17. h4 f5 18. Qf3 Rf7 19. Ne2 Raf8 20. Nf4 Qh6 21. Qg2 g5 22. hxg5 Qxg5 23. Rc6 Re8 24. Bd4 Qh6 25. Qh3 Bxc6 26. Qxh6 Nxh6 27. dxc6 Rfe7 28. Nd5 Re6 29. Nf6+ Rxf6 30. Bxf6 Kf7 31. Bd4 Kg6 32. Kg2 Ng4 33. a4 a5 34. Rh1 h5 35. Re1 Nf6 36. f3 Nd5 37. e4 fxe4 38. Rxe4 1-0


[Site "https://www.chess.com"]

[Event "Titled Tuesday Blitz November 15 Early 2022"]
[White "Player, Edmund C"]
[Black "Barbashin, Igor"]
[WhiteFideId "406520"]
[BlackFideId "4155718"]
[WhiteElo "2103"]
[BlackElo "2138"]
[Result "0-1"]
[Round "05"]
[TimeControl "180+1"]
[Date "2022.11.16"]
[WhiteClock "0:00:14"]
[BlackClock "0:00:29"]

1. e4 d5 2. exd5 Nf6 3. Bb5+ Nbd7 4. Nc3 g6 5. d4 Bg7 6. Nf3 O-O 7. Bg5 a6 8. Bxd7 Bxd7 9. Ne5 Bf5 10. g4 Be4 11. Bxf6 Bxh1 12. Bxg7 Kxg7 13. f3 e6 14. dxe6 Qh4+ 15. Kd2 Rad8 16. Ne2 Qxh2 17. e7 Rxd4+ 18. Kc3 Rxd1 19. exf8=Q+ Kxf8 20. Rxd1 Qxe5+ 21. Nd4 Bxf3 22. Rd3 Bxg4 23. b4 Bf5 24. Rd2 Qe3+ 0-1


[Site "https://www.chess.com"]

[Event "Titled Tuesday Blitz November 15 Early 2022"]
[White "Postnikov, Daniil"]
[Black "Thorhallsson, Simon"]
[WhiteFideId "4166329"]
[BlackFideId "2310090"]
[WhiteElo "2261"]
[BlackElo "2109"]
[Result "1-0"]
[Round "05"]
[TimeControl "180+1"]
[Date "2022.11.16"]
[WhiteClock "0:01:05"]
[BlackClock "0:01:08"]

1. e4 c5 2. a3 g6 3. h4 h6 4. Nc3 Bg7 5. h5 g5 6. Bc4 e6 7. d3 a6 8. Ba2 Nc6 9. f4 gxf4 10. Bxf4 d6 11. Nf3 Qe7 12. Qd2 Bd7 13. Qf2 Ne5 14. Qg3 Qf6 15. Rf1 Nxf3+ 16. Rxf3 Qd4 17. Bxd6 Rc8 18. O-O-O b5 19. Rxf7 Kxf7 20. Qg6# 1-0


[Site "https://www.chess.com"]

[Event "Titled Tuesday Blitz November 15 Early 2022"]
[White "Quintiliano Pinto, Renato R."]
[Black "Dixit, Nikhil"]
[WhiteFideId "2117568"]
[BlackFideId "5059534"]
[WhiteElo "2472"]
[BlackElo "2207"]
[Result "0-1"]
[Round "05"]
[TimeControl "180+1"]
[Date "2022.11.16"]
[WhiteClock "0:01:12"]
[BlackClock "0:00:36"]

1. e4 e6 2. d4 d5 3. Bd3 dxe4 4. Bxe4 Nf6 5. Bf3 Bd6 6. Ne2 O-O 7. O-O Nbd7 8. c4 c6 9. Nbc3 h6 10. Ng3 Bxg3 11. hxg3 Qa5 12. Qc2 Rd8 13. b3 Nf8 14. Bb2 Qf5 15. Ne4 Nxe4 16. Bxe4 Qg5 17. Rad1 Bd7 18. Qc3 Qf6 19. Rd3 Be8 20. f4 a5 21. Qd2 Qe7 22. g4 a4 23. g5 hxg5 24. fxg5 axb3 25. axb3 Ra2 26. Qc3 b5 27. d5 Rxb2 28. Qxb2 bxc4 29. bxc4 cxd5 30. cxd5 exd5 31. Bf3 Qxg5 32. Re1 Ne6 33. Re5 Qf6 34. Qb6 g6 35. Rexd5 Rxd5 36. Rxd5 Kg7 37. Rd1 Ba4 38. Re1 Bc2 39. Bd5 Bf5 40. Qe3 Qd4 41. Qxd4+ Nxd4 42. Kf2 Be6 43. Be4 Nf5 44. Rd1 Ne7 45. Rc1 Kf6 46. Rc7 Nf5 47. Ra7 Nd6 48. Ra6 Nxe4+ 49. Ke3 Ng5 50. Kf4 Nh7 51. g4 Kg7 52. g5 Nf8 53. Ra7 Bf5 54. Ra5 Ne6+ 0-1


[Site "https://www.chess.com"]

[Event "Titled Tuesday Blitz November 15 Early 2022"]
[White "Rakhmatullaev, Almas"]
[Black "Saravana, Krishnan P."]
[WhiteFideId "14205793"]
[BlackFideId "5018382"]
[WhiteElo "2221"]
[BlackElo "2155"]
[Result "1-0"]
[Round "05"]
[TimeControl "180+1"]
[Date "2022.11.16"]
[WhiteClock "0:00:08"]
[BlackClock "0:00:03"]

1. e4 c6 2. Nf3 d5 3. d3 Qc7 4. Nc3 Nf6 5. e5 Nfd7 6. d4 e6 7. Ng5 h6 8. Qh5 Nxe5 9. dxe5 Qxe5+ 10. Nce4 g6 11. f4 Qxe4+ 12. Nxe4 gxh5 13. Nf6+ Kd8 14. Nxh5 c5 15. c4 d4 16. f5 exf5 17. Bf4 Nc6 18. O-O-O Be6 19. Bd3 Be7 20. Rhe1 Nb4 21. Bb1 Bxc4 22. b3 Be6 23. Ng7 Kd7 24. Nxf5 Bg5 25. g3 Bxf4+ 26. gxf4 Nd5 27. Re5 Rac8 28. Ng3 Nxf4 29. Ne4 Nd5 30. Bd3 Rhd8 31. Rf1 Kc7 32. Kd2 Kb8 33. Rh5 Nb4 34. Bb1 Rg8 35. a3 Rg2+ 36. Rf2 Rxf2+ 37. Nxf2 Nd5 38. Rxh6 b5 39. Ne4 c4 40. Nd6 Rc5 41. Rh8+ Kc7 42. Ne8+ Kb6 43. bxc4 bxc4 44. Be4 c3+ 45. Kc1 Ne3 46. Nd6 Kc7 47. Ne8+ Kd7 48. Nf6+ Ke7 49. Ng8+ Kd6 50. Nh6 Re5 51. Bd3 Bc4 52. Bxc4 Nxc4 53. Nxf7+ Kc5 54. Nxe5 Nxe5 55. Rc8+ Kd5 56. h4 Ke4 57. h5 Ng4 58. Rc7 a5 59. Rg7 Ne5 60. h6 d3 61. h7 d2+ 62. Kc2 Ke3 63. Rg2 Nf3 64. h8=Q Ne1+ 65. Kxc3 d1=Q 66. Qh6+ Kf3 67. Qh5+ Kxg2 68. Qxd1 Nf3 69. Qe2+ Kg3 70. Qb5 Ne1 71. Qxa5 Nf3 72. Qc5 1-0


[Site "https://www.chess.com"]

[Event "Titled Tuesday Blitz November 15 Early 2022"]
[White "Remizov, Yaroslav"]
[Black "Adel, Sara"]
[WhiteFideId "34134015"]
[BlackFideId "10616764"]
[WhiteElo "2414"]
[BlackElo "1994"]
[Result "0-1"]
[Round "05"]
[TimeControl "180+1"]
[Date "2022.11.16"]
[WhiteClock "0:00:18"]
[BlackClock "0:00:54"]

1. d4 Nf6 2. Nf3 g6 3. c4 Bg7 4. Nc3 d6 5. e4 Nbd7 6. Be2 e5 7. Be3 Ng4 8. Bg5 f6 9. Bh4 g5 10. Bg3 h5 11. dxe5 Ngxe5 12. Bxe5 fxe5 13. Qd2 Bh6 14. Qc2 g4 15. Nd2 O-O 16. O-O Qg5 17. Rad1 h4 18. Nd5 Nc5 19. Nxc7 Rb8 20. b4 Ne6 21. Nxe6 Bxe6 22. Nb3 g3 23. fxg3 hxg3 24. Rxd6 Qh4 25. hxg3 Be3+ 26. Rf2 Bxf2+ 27. Kf1 Qh1# 0-1


[Site "https://www.chess.com"]

[Event "Titled Tuesday Blitz November 15 Early 2022"]
[White "Ronka, Erik"]
[Black "Grigorov, Grigor"]
[WhiteFideId "505080"]
[BlackFideId "2907313"]
[WhiteElo "2264"]
[BlackElo "2510"]
[Result "1-0"]
[Round "05"]
[TimeControl "180+1"]
[Date "2022.11.16"]
[WhiteClock "0:00:10"]
[BlackClock "0:00:05"]

1. e4 c6 2. d4 d5 3. Nd2 dxe4 4. Nxe4 Nf6 5. Ng3 h5 6. c3 h4 7. N3e2 c5 8. Nf3 h3 9. g3 Bg4 10. Ne5 Qd5 11. Rg1 Nbd7 12. Qa4 cxd4 13. cxd4 b5 14. Qb3 Nxe5 15. dxe5 Qxe5 16. Bf4 Qd5 17. Nc3 Qxb3 18. axb3 e5 19. Bxb5+ Ke7 20. Bxe5 Ke6 21. Bd4 a5 22. f3 Bxf3 23. Kf2 Bg2 24. Rge1+ Kf5 25. Bd3+ Kg5 26. Re5+ Kh6 27. Be3+ g5 28. Rxg5 Re8 29. Re5+ Kg7 30. Rg5+ Kh6 31. Bd2 Rd8 32. Rg4+ Kh5 33. Rh4# 1-0


[Site "https://www.chess.com"]